 Dungeon Crawl Stone Soup version 0.30.1-4-g462c640d31 (webtiles) character file.

Game seed: 7342750828733095240

41 Demigod47 the Covered (level 3, -4/49 HPs)
             Began as a Minotaur Fighter on Sept 8, 2023.
             Slain by Robin
             ... wielding a +4 spear of flaming
              (7 damage)
             ... on level 2 of the Dungeon.
             The game lasted 00:02:16 (952 turns).

Demigod47 the Covered (Minotaur Fighter)             Turns: 952, Time: 00:02:17

Health: -4/49      AC: 21    Str: 22    XL:     3   Next: 32%
Magic:  2/2        EV:  2    Int:  5    God:
Gold:   69         SH:  4    Dex:  9    Spells: 2/2 levels left

rFire   . . .        a - +0 war axe
rCold   . . .        c - +0 buckler
rNeg    . . .        b - melded +0 scale mail
rPois   +            (helmet currently unavailable)
rElec   .            (cloak currently unavailable)
rCorr   .            (gloves currently unavailable)
SInv    .            (boots currently unavailable)
Will    .....        (no amulet)
Stlth   +            (no ring)
HPRegen 0.28/turn    (no ring)
MPRegen 0.08/turn

%: no passive effects
@: tree-form, hasted, very quick
A: stationary, stasis, torment immunity, boosted hp, (horns 2), (retaliatory
headbutt)
a: no special abilities


You were on level 2 of the Dungeon.
You were a tree.
You visited 1 branch of the dungeon, and saw 2 of its levels.

You collected 69 gold pieces.

Inventory:

Hand Weapons
 a - a +0 war axe (weapon)
Armour
 b - a +0 scale mail (melded)
 c - a +0 buckler (worn)
Scrolls
 f - a scroll of teleportation {unknown}
Potions
 d - a potion of might
 h - a potion of invisibility {unknown}


   Skills:
 + Level 3.9 Fighting
 * Level 3.5 Axes
 + Level 4.0 Armour
 + Level 4.0 Shields


You had 2 spell levels left.
You didn't know any spells.
Your spell library was empty.

Dungeon Overview and Level Annotations

Branches:
Dungeon (2/15)

Altars:

Annotations:
D:2 Robin


Innate Abilities, Weirdness & Mutations

You are a tree.
Your roots penetrate the ground, keeping you stationary.
You cannot be teleported.
You are immune to unholy pain and torment.
Your maximum health is greatly increased.
Your equipment is partially melded.
((You have a pair of horns on your head.))
((You reflexively headbutt those who attack you in melee.))


Message History

Robin hits you with a +4 spear of flaming.
Robin burns you. The hobgoblin barely misses you. You furiously retaliate!
You headbutt the hobgoblin!
You kill the hobgoblin!
The goblin hits you with a +0 club.
* * * LOW HITPOINT WARNING * * *
You hit Robin.
Robin is severely wounded.
You hit the goblin but do no damage. The goblin hits you but does no damage.
Robin throws the goblin at you! You block the goblin's attack.
Robin roars a battlecry!
The hobgoblin goes into a battle-frenzy!
You barely miss Robin.
Robin is severely wounded.
You hit the goblin.
You kill the goblin!
Robin hits you with a +4 spear of flaming.
* * * LOW HITPOINT WARNING * * *
Robin burns you.
* * * LOW HITPOINT WARNING * * *
A hobgoblin comes into view.
It was a potion of haste.
You feel yourself speed up.
Robin zaps a wand.
The bolt of dispelling energy misses you.
It was a potion of lignification.
You turn into a tree.
Your +0 scale mail melds into your body.
Your roots penetrate the ground.
A goblin comes into view. It is wielding a +0 club.
Robin hits you but does no damage.
Unknown command.
Unknown command.
Unknown command.
Unknown command.
The goblin no longer looks unusually strong.
Robin roars a battlecry!
The goblins go into a battle-frenzy!
A goblin comes into view. It is wielding a +0 dagger.
Robin roars a battlecry!
The goblin goes into a battle-frenzy!
Robin hits you with a +4 spear of flaming!
You die...

#########
#.......#
#.......#
.#.####)†<$...#
..ggggg♣).....#
.######.......#
#.......#
..>......#
###.......#
#.......#
#########


You could see Robin, 2 hobgoblins and 2 goblins.

Vanquished Creatures
  6 ball pythons (D:1)
  2 bats (D:1)
  3 endoplasms (D:1)
  6 goblins
  3 hobgoblins
  4 jackals (D:1)
  6 kobolds (D:1)
  4 frilled lizards (D:1)
  4 rats (D:1)
38 creatures vanquished.

Notes
Turn   | Place    | Note
-------+----------+-------------------------------------------
     0 | D:1      | Demigod47 the Minotaur Fighter began the quest for the Orb.
     0 | D:1      | Reached XP level 1. HP: 19/19 MP: 0/0
   133 | D:1      | Reached XP level 2. HP: 27/27 MP: 1/1
   523 | D:1      | Reached XP level 3. HP: 31/33 MP: 2/2
   934 | D:2      | Noticed Robin
   945 | D:2      | HP: 1/33 [Robin/+4 spear of flaming (1)]
   952 | D:2      | Slain by Robin

Illustrated notes

Levels and vault maps discovered:
D:1:      onia_arrival_mini_maze, layout_loops_ring, minivault_27
D:2:      layout_rooms, uniq_robin

Skill      XL: |  1  2  3 |
---------------+----------+-----
Axes           | 3 |  3.5
Armour         | 4 |  4.0
Shields        | 4 |  4.0
Fighting       | |  3.9

Action                     || total
---------------------------++-------
  Melee: War axe           ||    80
         Headbutt          ||     6
    Use: Potion            ||     2
 Armour: Scale mail        ||    41
         Skin              ||     1
  Dodge: Dodged            ||    45
  Block: Buckler           ||    28
